 Dungeon Crawl Stone Soup version 0.17-a0-1403-g9df874c (webtiles) character file.

1049 bal the Covert (level 8, -2/40 HPs)
             Began as a Vine Stalker Assassin on June 20, 2015.
             Was a Follower of Dithmenos.
             Killed from afar by Dowan (7 damage)
             ... with a wand of flame
             ... on level 6 of the Dungeon.
             The game lasted 00:22:44 (4477 turns).

bal the Covert (Vine Stalker Assassin)              Turns: 4477, Time: 00:22:44

Health: -2/40      AC:  6    Str: 14    XL:     8   Next: 25%
Magic:  0/9        EV: 15    Int: 11    God:    Dithmenos [*.....]
Gold:   239        SH:  0    Dex: 18    Spells: 0 memorised, 7 levels left

rFire  . . .     SeeInvis .     y - +2 dagger (venom)
rCold  . . .     Clarity  .     c - +0 robe
rNeg   . . .     SustAt   .     (no shield)
rPois  .         Gourm    .     r - +1 helmet
rElec  .         Spirit   +     d - +0 cloak
rCorr  .         Warding  .     l - +0 pair of gloves
rMut   .         Stasis   .     (no boots)
MR     +....                    z - amulet of rage
Stlth  ++++++....               j - ring of invisibility
                                q - ring of stealth

@: about to teleport, wreathed by umbra, somewhat resistant to hostile
enchantments, very stealthy
A: fangs 3, regeneration 2, magic shield, antimagic bite, no device heal 3, rot
immunity
a: Renounce Religion, Evoke Berserk Rage, Evoke Invisibility


You were on level 6 of the Dungeon.
You worshipped Dithmenos.
Dithmenos was aware of your devotion.
You were not hungry.

You visited 1 branch of the dungeon, and saw 6 of its levels.

You collected 239 gold pieces.

Inventory:

Hand weapons
 b - a +0 blowgun
 y - a +2 dagger of venom (weapon)
 C - a +0 hunting sling
Missiles
 f - 3 curare-tipped needles
 m - 38 sling bullets
 x - 2 needles of slowing
 G - a poisoned needle
Armour
 c - a +0 robe (worn)
 d - a +0 cloak (worn)
 l - a +0 pair of gloves (worn)
 r - a +1 helmet (worn)
Jewellery
 j - a ring of invisibility (right hand)
 q - a ring of stealth (left hand)
 z - an amulet of rage (around neck)
Magical devices
 A - a wand of magic darts (22)
 B - a wand of frost (30)
 D - a wand of digging (7)
Scrolls
 a - a scroll of acquirement {unknown}
 e - a scroll of magic mapping {unknown}
 o - 3 scrolls of identify
 p - 2 scrolls of remove curse
 s - 2 scrolls of recharging
 u - a scroll of teleportation
 H - a scroll of fog {unknown}
Potions
 i - 2 potions of brilliance
 k - a potion of curing
 t - a potion of mutation {unknown}
 v - 2 potions of resistance {unknown}
 E - a potion of invisibility {unknown}
 F - 2 potions of berserk rage {unknown}
 I - a potion of experience {unknown}
Books
 h - a book of Summonings

   Spells                             Type                      Level
   a - Recall                         Summoning/Translocation      3
   b - Aura of Abjuration             Summoning                    5
   c - Shadow Creatures               Summoning                    5
   d - Summon Demon                   Summoning                    5
   e - Summon Forest                  Summoning/Translocation      5
   f - Summon Mana Viper              Hexes/Summoning              5
Comestibles
 g - 4 bread rations
 n - a beef jerky


   Skills:
 + Level 3.2 Fighting
 + Level 2.9 Short Blades
 + Level 3.2 Throwing
 + Level 4.2 Dodging
 + Level 9.1 Stealth
 + Level 0.6 Evocations


You had 7 spell levels left.
You didn't know any spells.

Dungeon Overview and Level Annotations

Branches:
Dungeon (6/15)             Temple (0/1) D:5

Altars:
Ashenzari
Dithmenos
Gozag
Okawaru
Ru
Trog
Xom
Yredelemnul

Annotations:
D:2 hidden
D:6 Dowan, Duvessa


Innate Abilities, Weirdness & Mutations

You have razor-sharp teeth.
You heal very quickly.
When hurt, damage is shared between your health and your magic reserves.
Your bite disrupts and absorbs the magic of your enemies.
Potions and wands cannot restore your health.
You are immune to rotting.


Message History

Duvessa gestures with her weapon.
Found 13 gold pieces.
You hit Dowan. Your bite misses Dowan.
Dowan is moderately wounded.
Duvessa misses you.
Dowan zaps a wand.
The puff of flame hits you!
You hit Dowan.
Dowan looks even sicker.
Dowan is heavily wounded.
Duvessa hits you with a short sword.
Dowan zaps a wand.
The puff of flame hits you!
* * * LOW HITPOINT WARNING * * *
The crimson imp blinks!
Duvessa hits you with a short sword.
* * * LOW HITPOINT WARNING * * *
Read which item? (? for menu, Esc to quit)
As you read the scroll of teleportation, it crumbles to dust.
You feel strangely unstable. The crimson imp barely misses you.
Duvessa barely misses you.
Dowan zaps a wand.
The puff of flame hits you!
* * * LOW HITPOINT WARNING * * *
The crimson imp blinks!
Duvessa misses you.
Dowan zaps a wand.
The puff of flame hits you!
You die...

.######......#
.............#
.......<)....#
........†....#
######.......# .
####....# .. ##....#
...# #####...§.#
.....#......@.e##
...(.........e..##
(.........####...####..#
##?...#..## ##...5.....
##.. #### ##.....#.# #.
##...## # $..# ....#
$.....


You could see Duvessa, Dowan and a crimson imp.

Vanquished Creatures
  Sigmund (D:6)
  A centaur (D:4)
  An ogre (D:5)
  A scorpion (D:4)
  A crimson imp (D:5)
  5 orc wizards
  An iguana (D:4)
  An orc priest (D:5)
  2 hounds
  Jessica (D:2)
  3 worker ants
  7 adders
  3 gnolls (D:2)
  A shadow imp (D:2)
  An ooze (D:4)
  2 worms
  3 giant geckos
  16 orcs
  12 bats
  5 giant cockroaches
  11 hobgoblins
  8 jackals
  4 ball pythons
  A giant gecko skeleton (D:4)
  3 giant newts
  10 goblins
  12 kobolds
  4 quokkas
  9 rats
130 creatures vanquished.

Vanquished Creatures (others)
  The ghost of HEYYEYAAE the Gusty, an average HuAE of Vehumet (D:4)
1 creature vanquished.

Grand Total: 131 creatures vanquished

Notes
Turn   | Place    | Note
--------------------------------------------------------------
     0 | D:1      | bal the Vine Stalker Assassin began the quest for the Orb.
     0 | D:1      | Reached XP level 1. HP: 11/11 MP: 2/2
    27 | D:1      | Reached skill level 5 in Stealth
    56 | D:1      | Reached XP level 2. HP: 6/15 MP: 1/3
   377 | D:1      | Reached skill level 1 in Dodging
   468 | D:1      | Reached XP level 3. HP: 12/18 MP: 2/4
   731 | D:2      | Reached skill level 6 in Stealth
   878 | D:2      | Reached XP level 4. HP: 17/23 MP: 2/5
   969 | D:2      | Noticed Jessica
   985 | D:2      | Killed Jessica
  1179 | D:2      | Reached XP level 5. HP: 26/26 MP: 6/6
  1631 | D:3      | Found a sacrificial altar of Ru.
  2001 | D:4      | Noticed HEYYEYAAE's ghost (average HuAE)
  2017 | D:4      | Found a shadowy altar of Dithmenos.
  2373 | D:4      | Found a bloodstained altar of Trog.
  2383 | D:4      | Reached skill level 7 in Stealth
  2502 | D:4      | Became a worshipper of Dithmenos the Shadowed
  2527 | D:4      | Gained mutation: You heal very quickly. [Vine Stalker growth]
  2527 | D:4      | Reached XP level 6. HP: 16/30 MP: 5/7
  2718 | D:4      | Found an opulent altar of Gozag.
  2773 | D:4      | Found an iron altar of Okawaru.
  2774 | D:4      | Found a basalt altar of Yredelemnul.
  2774 | D:4      | Found a shimmering altar of Xom.
  2774 | D:4      | Noticed a centaur
  2794 | D:4      | Killed a centaur
  2800 | D:5      | Entered Level 5 of the Dungeon
  2800 | D:5      | Found a sacrificial altar of Ru.
  2843 | D:5      | Reached skill level 8 in Stealth
  2843 | D:5      | Reached XP level 7. HP: 35/35 MP: 8/8
  3300 | D:4      | Killed HEYYEYAAE's ghost
  3985 | D:5      | Found a shattered altar of Ashenzari.
  4046 | D:5      | Found a staircase to the Ecumenical Temple.
  4168 | D:5      | Gained mutation: You have razor-sharp teeth. [Vine Stalker growth]
  4168 | D:5      | Reached XP level 8. HP: 40/40 MP: 9/9
  4433 | D:6      | Noticed Sigmund
  4434 | D:6      | Killed Sigmund
  4434 | D:6      | Reached skill level 9 in Stealth
  4448 | D:6      | Noticed Duvessa
  4450 | D:6      | Noticed Dowan
  4477 | D:6      | Killed from afar by Dowan

Vault maps used:
D:1:      saegor_arrival_simple_a, serial_park_tiny_pond
D:2:      lightli_corner_chamber, uniq_jessica
D:3:      nicolae_ru_awakened_eye, first_bread
D:4:      bloody_trog, grunt_temple_overflow_open, kennysheep_mini,
          nicolae_dithmenos_shadow_blocks
D:5:      nicolae_ashenzari_panopticon, minmay_temple_entry_poolview,
          basic_altar
D:6:      serial_park_tiny_1, minmay_misc_feat_rows, uniq_duvessa, uniq_sigmund

Action                   |  1- 3 |  4- 6 |  7- 9 || total
-------------------------+-------+-------+-------++-------
Melee: Dagger            |   106 |   126 |   134 ||   366
 Fire: Blowgun           |    18 |    44 |     5 ||    67
Evoke: Wand              |       |       |     4 ||     4
  Use: Potion            |     1 |     4 |       ||     5
       Scroll            |       |    10 |     3 ||    13
 Stab: Sleeping          |     8 |    18 |    15 ||    41
       Distracted        |       |     1 |       ||     1
  Eat: Pizza             |       |     2 |       ||     2
       Meat ration       |       |     1 |       ||     1
       Fruit             |       |       |     2 ||     2
       Beef jerky        |       |       |     1 ||     1
